 Dungeon Crawl Stone Soup version 0.28-a0-769-g550dbda0cd (webtiles) character file.

Game seed: 16614112181305267284

4190 timneilson the Blocker (level 10, -3/60 HPs)
             Began as a Gargoyle Fighter on Oct 31, 2021.
             Was a Priest of Okawaru.
             Slain by an eight-headed hydra (7 damage)
             ... on level 8 of the Dungeon.
             The game lasted 00:20:29 (10681 turns).

timneilson the Blocker (Gargoyle Fighter)          Turns: 10681, Time: 00:20:30

Health: -3/60      AC: 20    Str: 22    XL:     10   Next: 29%
Magic:  13/13      EV:  7    Int: 10    God:    Okawaru [***...]
Gold:   440        SH:  9    Dex:  9    Spells: 9/9 levels left

rFire   . . .      SeeInvis .   a - +1 long sword
rCold   + . .      Faith    .   s - +0 kite shield
rNeg    + . .      Spirit   .   n - +0 chain mail
rPois   ∞          Reflect  .   e - +0 helmet
rElec   +          Harm     .   (no cloak)
rCorr   .          Rampage  .   b - +0 pair of gloves
Will    .....                   (no boots)
Stlth   ..........              (no amulet)
HPRegen 0.20/turn               x - ring of protection from cold
MPRegen 0.13/turn               (no ring)

@: no status effects
A: sickness immunity, AC +7, negative energy resistance 1, electricity
resistance, torment resistance 1, petrification resistance
a: Renounce Religion, Heroism


You were on level 8 of the Dungeon.
You worshipped Okawaru.
Okawaru was most pleased with you.
You visited 2 branches of the dungeon, and saw 9 of its levels.
You also visited: Sewer and Ossuary.

You collected 440 gold pieces.

Inventory:

Hand Weapons
 a - a +1 long sword (weapon)
Armour
 b - a +0 pair of gloves (worn)
 e - a +0 helmet (worn)
 n - a +0 chain mail (worn)
 s - a +0 kite shield (worn)
 u - a +0 plate armour
Jewellery
 x - a ring of protection from cold (left hand)
Wands
 l - a wand of polymorph (1)
 q - a wand of mindburst (7)
 w - a wand of flame (19)
Scrolls
 f - 3 scrolls of identify
 g - a scroll of fog
 h - a scroll of holy word
 j - a scroll of enchant weapon
 o - 6 scrolls of teleportation
Potions
 c - 2 potions of cancellation
 d - 4 potions of curing
 i - 5 potions of attraction
 k - a potion of invisibility
 m - 3 potions of flight
 p - 2 potions of lignification
 r - 5 potions of might
 t - 2 potions of mutation
 v - 2 potions of berserk rage


   Skills:
 + Level 6.0 Fighting
 * Level 6.4 Long Blades
 * Level 8.0 Armour
 + Level 3.8 Dodging
 * Level 8.1 Shields
 + Level 4.6 Invocations
 + Level 3.3 Evocations


You had 9 spell levels left.
You didn't know any spells.
Your spell library contained the following spells:

 Spells                   Type           Power      Damage    Failure   Level
 Pain                     Necr           0%         1d4       99%         1
 Ensorcelled Hibernation  Hex/Ice        0%         N/A       100%        2
 Gell's Gravitas          Tloc           0%         N/A       100%        3
 Lesser Beckoning         Tloc           0%         N/A       100%        3
 Teleport Other           Tloc           0%         N/A       100%        3
 Cause Fear               Hex            0%         N/A       100%        4
 Agony                    Necr           0%         N/A       100%        5
 Excruciating Wounds      Necr           0%         N/A       100%        5
 Dragon Form              Tmut           0%         N/A       100%        7
 Tukima's Dance           Hex            Unusable   N/A       N/A         3
 Summon Ice Beast         Ice/Summ       Unusable   N/A       N/A         4
 Summon Mana Viper        Hex/Summ       Unusable   N/A       N/A         5
 Monstrous Menagerie      Summ           Unusable   N/A       N/A         7
 Dragon's Call            Summ           Unusable   N/A       N/A         9

Dungeon Overview and Level Annotations

Branches:
Dungeon (8/15)             Temple (1/1) D:6           Sewer (visited)
Ossuary (visited)
   Lair: D:8-11

Altars:
Ashenzari
Cheibriados
Dithmenos
Elyvilon
Fedhas
Gozag
Hepliaklqana
Kikubaaqudgha
Makhleb
Nemelex Xobeh
Okawaru
Qazlal
Ru
Sif Muna
Trog
Uskayaw
Vehumet
Wu Jian
Xom
Yredelemnul
Zin

Annotations:
D:5 3 runed translucent doors, avis's ghost, amateur DjWr


Innate Abilities, Weirdness & Mutations

You are immune to sickness and miasma.
Your stone body is resilient. (AC +7)
You are immune to poison.
You resist negative energy. (rN+)
You are resistant to electric shocks. (rElec)
You are resistant to unholy torment.
You are immune to petrification.


Message History

The eight-headed hydra barely misses you.
The eight-headed hydra bites you!
You block the eight-headed hydra's attack.
The eight-headed hydra barely misses you.
The eight-headed hydra bites you but does no damage.
That's the wrong kind of item! (Use * to select it.) Evoke which item? (* to show all) (? for menu, Esc to quit)
Aiming: Mindburst
Press: ? - help, Shift-Dir - straight line, f/p - eight-headed hydra
Aim: an eight-headed hydra (heavily wounded, chance to affect: 46%)
The eight-headed hydra resists with some effort.
The eight-headed hydra bites you but does no damage. x2
You block the eight-headed hydra's attack.
The eight-headed hydra bites you but does no damage.
The eight-headed hydra barely misses you.
The eight-headed hydra bites you but does no damage.
The eight-headed hydra bites you.
You block the eight-headed hydra's attack.
Aiming: Mindburst
Press: ? - help, Shift-Dir - straight line, f/p - eight-headed hydra
Aim: an eight-headed hydra (heavily wounded, chance to affect: 46%)
The eight-headed hydra resists with some effort.
You block the eight-headed hydra's attack.
The eight-headed hydra bites you but does no damage.
The eight-headed hydra bites you. The eight-headed hydra bites you!
You block the eight-headed hydra's attack.
The eight-headed hydra bites you but does no damage. x3
Aiming: Mindburst
Press: ? - help, Shift-Dir - straight line, f/p - eight-headed hydra
Aim: an eight-headed hydra (heavily wounded, chance to affect: 46%)
The eight-headed hydra's minds are blasted!
You block the eight-headed hydra's attack.
The eight-headed hydra bites you!
* * * LOW HITPOINT WARNING * * *
The eight-headed hydra bites you.
* * * LOW HITPOINT WARNING * * *
The eight-headed hydra bites you!
* * * LOW HITPOINT WARNING * * *
The eight-headed hydra bites you!
You die...

........# ##.#.....###..)))...#
.......# ##..##......#..#.†####
.......####..............#...###
...)...#$.....[##......####..#.##
..........##....#.##.....##.....#
..........#......#####...........
..................#.....)........
##.............D.....).#......#..
###.....#.......@............##.#
#.....###.............#..#.......
......# ##............#......>..#
..................#...##.......##
.....##.##...##........#....####
.##..# ####.# ...........[..# .
#... #. .......###....# . ..... .
####.....###...# .#.... ..
#.....##....##


You could see an eight-headed hydra.

Vanquished Creatures
  Pikel (D:6)
  Psyche (D:8)
  2 steam dragons
  A water moccasin (D:7)
  3 orc warriors
  A sky beast (D:5)
  2 ice beasts
  An ogre (D:5)
  3 centaurs
  A lemure (D:6)
  A phantom (D:6)
  An elf zombie (Ossuary)
  2 kobold brigands
  3 bullfrogs
  2 scorpions (D:4)
  A water moccasin zombie (D:5)
  9 killer bees
  An electric eel (D:6)
  A howler monkey (D:7)
  5 centaur zombies
  A bullfrog zombie (D:5)
  2 human zombies (Ossuary)
  3 jellies
  5 orc priests
  2 centaur skeletons
  3 iguanas
  Ijyb (D:4)
  2 orc wizards (D:6)
  A scorpion zombie (D:5)
  2 mummies (Ossuary)
  A howler monkey zombie (D:5)
  Robin (D:2)
  2 howler monkey skeletons (D:4)
  3 gnolls (D:3)
  7 adders
  3 river rats (Sewer)
  2 shadow imps
  3 ufetubi
  2 adder skeletons (D:4)
  A worm (D:4)
  4 dart slugs
  18 orcs
  6 ball pythons
  4 bats
  8 endoplasms
  5 giant cockroaches
  22 goblins
  8 hobgoblins
  7 jackals
  5 quokkas
  4 frilled lizards
  A goblin zombie (Ossuary)
  9 hobgoblin zombies (Ossuary)
  A jackal skeleton (D:3)
  11 kobolds
  13 kobold zombies (Ossuary)
  7 orc zombies (Ossuary)
  9 rats
  2 rat zombies (Ossuary)
233 creatures vanquished.

Vanquished Creatures (others)
  5 fungi
  8 plants
13 creatures vanquished.

Grand Total: 246 creatures vanquished

Notes
Turn   | Place    | Note
-------+----------+-------------------------------------------
     0 | D:1      | timneilson the Gargoyle Fighter began the quest for the
                  | Orb.
     0 | D:1      | Reached XP level 1. HP: 14/14 MP: 1/1
   120 | D:1      | Reached XP level 2. HP: 19/19 MP: 2/2
   207 | D:1      | Found a faded altar of an unknown god.
   667 | D:1      | Reached XP level 3. HP: 21/23 MP: 3/3
  1070 | D:2      | Noticed Robin
  1110 | D:2      | Killed Robin
  1636 | D:2      | Reached XP level 4. HP: 25/28 MP: 4/4
  2290 | D:3      | Found a large runed translucent door.
  2291 | D:3      | Found a large runed translucent door.
  2466 | D:3      | Reached skill level 1 in Dodging
  2470 | D:3      | Reached XP level 5. HP: 5/33 MP: 5/5
  2818 | D:3      | Found a snail-covered altar of Cheibriados.
  3407 | D:3      | Found an iron altar of Okawaru.
  3410 | D:3      | Became a worshipper of Warmaster Okawaru
  3415 | D:3      | Found an ancient bone altar of Kikubaaqudgha.
  3551 | D:4      | Reached XP level 6. HP: 27/38 MP: 6/6
  3645 | D:4      | Reached skill level 1 in Invocations
  3753 | D:4      | Reached * piety under Okawaru
  3920 | D:4      | Found a glowing drain.
  3929 | Sewer    | Entered a sewer
  4267 | Sewer    | Reached skill level 5 in Shields
  4267 | Sewer    | Reached XP level 7. HP: 34/43 MP: 8/8
  4293 | Sewer    | Found a white marble altar of Elyvilon.
  4876 | D:4      | Reached skill level 5 in Armour
  5110 | D:4      | Noticed Ijyb
  5201 | D:4      | Killed Ijyb
  5488 | D:5      | Entered Level 5 of the Dungeon
  6083 | D:5      | Reached skill level 1 in Evocations
  6083 | D:5      | Reached XP level 8. HP: 48/48 MP: 9/9
  6164 | D:5      | Found a runed translucent gate.
  6165 | D:5      | Found a runed translucent gate.
  6165 | D:5      | Noticed avis's ghost (amateur DjWr)
  6166 | D:5      | Found a runed translucent gate.
  6902 | D:6      | Noticed Pikel
  6946 | D:6      | Killed Pikel
  6946 | D:6      | Reached ** piety under Okawaru
  6947 | D:6      | Reached skill level 5 in Fighting
  7094 | D:6      | Found a staircase to the Ecumenical Temple.
  7103 | Temple   | Entered the Ecumenical Temple
  7796 | D:6      | Found an opulent altar of Gozag.
  7943 | D:6      | Reached skill level 5 in Long Blades
  7957 | D:6      | Reached XP level 9. HP: 10/54 MP: 9/11
  8418 | D:7      | Found a sand-covered staircase.
  8425 | Ossuary  | Entered an ossuary
  9658 | D:7      | Reached *** piety under Okawaru
 10151 | D:8      | Noticed Psyche
 10175 | D:7      | Reached XP level 10. HP: 42/60 MP: 13/13
 10270 | D:8      | Killed Psyche
 10288 | D:8      | Noticed an eight-headed hydra
 10595 | D:8      | Found a sacrificial altar of Ru.
 10681 | D:8      | Slain by an eight-headed hydra

Illustrated notes

Levels and vault maps discovered:
D:1:      lightli_iron_boxes, layout_basic,
          shapermc_ecumenical_altar_mp_ritualfount
D:2:      minmay_chambers_of_ones, layout_loops_ring, minmay_fountain_box,
          minivault_25, grunt_decor_resistance, uniq_robin
D:3:      layout_loops_ring, kennysheep_slug_shrine, jmf_multi_god_temple2,
          minmay_box_of_dots
D:4:      kennysheep_goblin_castle, layout_basic, portal_sewer_entry_b,
          minmay_unequal
D:5:      layout_cave_pools, gammafunk_ghost_nasty_kobolds
D:6:      wad_woods_pond, layout_basic, kennysheep_mini,
          minmay_temple_entry_antechambers, uniq_pikel
D:7:      hangedman_cross_stitches, layout_rooms,
          nicolae_ossuary_entry_monument, minmay_misc_feat_doors
D:8:      layout_cave_pools, hangedman_ru_absence, uniq_psyche
Temple:   compressed_dpeg_circular_temple

Skill      XL: |  1  2  3  4  5  6  7  8  9 10 |
---------------+-------------------------------+-----
Long Blades    | 2 3 4 5 6 |  6.4
Shields        | 4 5 6 7 8 |  8.1
Armour         | 4 5 6 7 8 |  8.0
Dodging        | 1 2 3 |  3.8
Invocations    | 1 2 3 4 |  4.6
Fighting       | 4 5 6 |  6.0
Evocations     | 1 2 3 |  3.3

Action                   |  1- 3 |  4- 6 |  7- 9 | 10-12 || total
-------------------------+-------+-------+-------+-------++-------
Melee: Long sword        |   123 |   236 |   612 |    82 ||  1053
       Unarmed           |       |       |     1 |       ||     1
Invok: Heroism           |       |       |    21 |     4 ||    25
Evoke: Wand              |       |       |       |     6 ||     6
  Use: Scroll            |     4 |     4 |     9 |       ||    17
       Potion            |     2 |     1 |     5 |       ||     8
Armor: Scale mail        |    65 |   119 |   276 |       ||   460
       Chain mail        |       |       |   106 |    94 ||   200
Dodge: Dodged            |    60 |   106 |   332 |    48 ||   546
Block: Buckler           |    28 |    65 |    47 |       ||   140
       Kite shield       |       |       |   313 |    76 ||   389

Table legend: (Time is in decaauts)
 A = Elapsed time spent in this place.
 B = Non-inter-level travel time spent in this place.
 C = Inter-level travel time spent in this place.
 D = Time resting spent in this place.
 E = Time spent auto-exploring this place.
 F = Levels seen in this place.
 G = Mean time per level.
                   A        B        C        D        E       F      G
               +--------+--------+--------+--------+--------+-----+--------+
         Total |  10908 |  10598 |    310 |   1378 |   6292 |  11 |  991.6 |
       Dungeon |   9800 |   9504 |    296 |    928 |   6001 |   8 | 1225.0 |
        Temple |     84 |     70 |     14 |      0 |     54 |   1 |   84.0 |
         Sewer |    461 |    461 |      0 |    229 |    117 |   1 |  461.0 |
       Ossuary |    561 |    561 |      0 |    221 |    119 |   1 |  561.0 |
               +--------+--------+--------+--------+--------+-----+--------+

Top non-repeatable levels by time:
     D:6: 2347 daAuts
     D:4: 1635 daAuts
     D:3: 1292 daAuts
     D:2: 1172 daAuts
     D:5: 1050 daAuts
     D:1: 1043 daAuts
     D:7: 898 daAuts
 Ossuary: 561 daAuts
   Sewer: 461 daAuts
     D:8: 360 daAuts
  Temple: 84 daAuts
